 Dungeon Crawl Stone Soup version 0.26-b1-45-g23770d1d51 (webtiles) character file.

Game seed: 3925535899141352630

19742 EnegeticOcto the Severer (level 12, -48/105 (110) HPs)
             Began as a Minotaur Fighter on Jan 6, 2021.
             Was a High Priest of Ru.
             Killed from afar by a frost giant (64 damage)
             ... with a bolt of cold
             ... on level 12 of the Dungeon.
             The game lasted 00:07:20 (11274 turns).

EnegeticOcto the Severer (Minotaur Fighter)        Turns: 11274, Time: 00:07:20

HP:   -48/105 (110) AC: 27    Str: 27    XL:     12   Next: 39%
MP:   0/11          EV:  7    Int:  5    God:    Ru [*****.]
Gold: 568           SH: 13    Dex:  9    Spells: 11/11 levels left

rFire    . . .     SeeInvis +   a - +1 war axe
rCold    . . .     Faith    .   c - +0 kite shield
rNeg     . . .     Spirit   +   k - +1 plate armour {rPois}
rPois    +         Reflect  .   v - +2 hat
rElec    .         Harm     .   f - +2 cloak {Will+}
rCorr    .         Rampage  .   x - +1 pair of gloves
Will     +....                  i - +2 pair of boots
Stlth    ..........             r - amulet of guardian spirit
HPRegen  0.27/turn              z - ring of see invisible
MPRegen  0.12/turn              (no ring)

@: exhausted, lightly drained
A: retaliatory headbutt, horns 2, no stealth, inability to use devices, hated by
all, inability to train dodging
a: Renounce Religion, Draw Out Power, Power Leap, Apocalypse


You were on level 12 of the Dungeon.
You worshipped Ru.
Ru was extremely pleased with you.
You visited 2 branches of the dungeon, and saw 13 of its levels.
You also visited: Sewer.

You collected 743 gold pieces.
You spent 175 gold pieces at shops.

Inventory:

Hand Weapons
 a - a +1 war axe (weapon)
Armour
 c - a +0 kite shield (worn)
 f - a +2 cloak of willpower (worn)
 i - a +2 pair of boots (worn)
 k - a +1 plate armour of poison resistance (worn)
 v - a +2 hat (worn)
 x - a +1 pair of gloves (worn)
Jewellery
 r - an amulet of guardian spirit (around neck)
 z - a ring of see invisible (left hand)
Scrolls
 g - 5 scrolls of remove curse {@r2}
 h - 9 scrolls of teleportation {@r3}
 j - 4 scrolls of fog
 p - a scroll of magic mapping {@r5}
Potions
 b - 3 potions of flight
 d - 2 potions of might {@q3}
 e - a potion of mutation
 l - 3 potions of heal wounds {@q2}
 m - 3 potions of curing {@q1}
 n - 2 potions of cancellation
 o - 2 potions of degeneration {unknown}
 q - 2 potions of brilliance {unknown}
 s - a potion of haste {unknown}
 t - 4 potions of magic {unknown}
 u - a potion of invisibility {unknown}
 w - 2 potions of attraction {unknown}
 A - 2 potions of lignification {unknown}


   Skills:
 + Level 11.5 Fighting
 * Level 15.0 Axes
 + Level 11.5 Armour
   Level 0.0 Dodging
 + Level 11.5 Shields


You had 11 spell levels left.
You didn't know any spells.
Your spell library was empty.

Dungeon Overview and Level Annotations

Branches:
Dungeon (12/15)            Temple (1/1) D:5            Lair (0/6) D:10
    Orc (0/2) D:11          Sewer (visited)

Altars:
Ashenzari
Cheibriados
Dithmenos
Elyvilon
Fedhas
Gozag
Nemelex Xobeh
Okawaru
Ru
Trog
Wu Jian
Beogh
Lugonu

Shops:
D:7 [   D:10 *   D:12 ?

Annotations:
D:4 3 runed translucent doors, dracos369's ghost, amateur DsAK


Innate Abilities, Weirdness & Mutations

You reflexively headbutt those who attack you in melee.
You have a pair of horns on your head.
You cannot be stealthy.
You cannot study or use magical devices.
You are hated by all.
You cannot train Dodging skill.


Message History

No target in view!
No target in view!
No target in view!
You start resting.
You are no longer corroded.
You see here a lajatang.
You start resting.
Magic restored.
HP restored.
You open the large door. 3 kobolds, a big kobold and a frost giant come into view.
The frost giant is wielding a +2 battleaxe of freezing.
The frost giant shouts!
The big kobold shouts!
The kobold shouts! x3
The frost giant gestures at you while chanting.
The bolt of cold misses the kobold.
The bolt of cold hits you!!
You focus your inner power and slow the frost giant in retribution!
The big kobold picks up a glass wand.
Found five items.
There is a large open door here.
You closely miss the kobold. Your headbutt misses the kobold.
You block the kobold's attack.
You slice the kobold!!
You kill the kobold!
You barely miss the kobold.
You headbutt the kobold, but do no damage.
You hit the frost giant.
The frost giant is lightly wounded.
The frost giant is no longer moving slowly.
You hit the frost giant but do no damage.
Your headbutt misses the frost giant.
The frost giant is lightly wounded.
You hit the frost giant. You headbutt the frost giant.
The frost giant is lightly wounded.
The frost giant hits you with a +2 battleaxe of freezing.
The frost giant freezes you.
Your plate armour prevents you from hitting the frost giant.
The frost giant is lightly wounded.
The frost giant casts a spell at you. The bolt of cold hits you!!!
You focus your inner power and blind the frost giant in retribution!
You slice the frost giant!!
You headbutt the frost giant, but do no damage.
The frost giant is moderately wounded.
You hit the frost giant but do no damage.
The frost giant is moderately wounded.
The frost giant gestures at you while chanting.
The bolt of cold hits you!!
* * * LOW HITPOINT WARNING * * *
You are too injured to fight recklessly!
You are too injured to fight recklessly!
You are too injured to fight recklessly!
You are too injured to fight recklessly!
You are too injured to fight recklessly!
You are too injured to fight recklessly!
You are too injured to fight recklessly!
You are too injured to fight recklessly!
You are too injured to fight recklessly!
You are too injured to fight recklessly!
You are too injured to fight recklessly!
You are too injured to fight recklessly!
You are too injured to fight recklessly!
You are too injured to fight recklessly!
You are too injured to fight recklessly!
You are too injured to fight recklessly!
You are too injured to fight recklessly!
You are restored by drawing out deep reserves of power within.
You feel drained. The frost giant casts a spell at you.
The bolt of cold hits you!!!
* * * LOW HITPOINT WARNING * * *
You cannot evoke magical items.
You feel much better.
The kobold is stunned by your conviction and fails to attack.
The frost giant hits you with a +2 battleaxe of freezing.
The frost giant freezes you.
The frost giant points at you and mumbles some strange words.
The bolt of cold misses you. The frost giant casts a spell at you.
The bolt of cold misses you.
You see here a lajatang.
The frost giant begins to cast a spell, but is stunned by your conviction!
The big kobold is stunned by your conviction and fails to attack.
You redirect the frost giant's attack!
There is an open door, spattered with blood here.
The frost giant is no longer blind.
You redirect the big kobold's attack!
The big kobold throws a stone.
The stone hits the big kobold.
There is an open door here.
The frost giant gestures at you while chanting.
The bolt of cold hits you!!
* * * LOW HITPOINT WARNING * * *
Which direction?
You close the door.
A frost giant opens the door.
There is an open door here.
The big kobold throws a stone.
The stone hits you but does no damage.
The frost giant gestures at you while chanting.
The bolt of cold hits you!!!
Ouch! That really hurt!
You die...

######## #......# #.≈###)###
#.##.....## #.#.......#
#.#.......# # #.##..@..## #
########.≈###'### #
##........≈≈8#.#
###..#######≈###'### ####
......##....##.KC[.###..#
............#...K...#...#
.....#......#..K)...##..#
#....#..##..##.....##..#####
......#.##..≈###(###≈(.....#


You could see a frost giant, a big kobold and 2 kobolds.

Vanquished Creatures
  A fire dragon (D:11)
  A boulder beetle (D:12)
  A hydra (D:11)
  4 two-headed ogres
  2 unseen horrors (D:12)
  2 cyclopes (D:12)
  3 ugly things
  Maurice (D:8)
  Psyche (D:9)
  3 kobold demonologists (D:12)
  3 centaur skeletons
  5 hornets
  2 slime creatures (D:12)
  A shadow (D:12)
  5 wyverns
  A vampire mosquito (D:12)
  An acid dragon (D:12)
  Edmund (D:4)
  3 water moccasins
  7 black bears
  7 orc warriors
  2 sky beasts (D:10)
  2 phantoms
  3 eyes of draining
  2 necrophages (D:8)
  An ice beast (D:12)
  3 wolves (D:10)
  3 ogres
  5 centaurs
  2 big kobolds
  9 bullfrogs
  A gnoll sergeant (D:11)
  A water moccasin zombie (D:9)
  5 scorpions
  16 killer bees
  12 wights
  An electric eel (D:12)
  2 bullfrog zombies
  2 centaur zombies
  4 hounds
  6 orc priests
  7 jellies
  A bullfrog skeleton (D:10)
  6 orc wizards
  2 iguanas
  10 worker ants
  A hound skeleton (D:5)
  A mummy (D:8)
  A worker ant zombie (D:8)
  7 gnolls
  3 river rats (Sewer)
  17 adders
  A shadow imp (D:8)
  2 white imps (D:9)
  2 oozes (Sewer)
  2 adder zombies
  An adder skeleton (D:9)
  5 worms
  2 dart slugs
  2 leopard geckos
  41 orcs
  12 ball pythons
  A bat (D:1)
  3 giant cockroaches
  2 goblins (D:3)
  3 hobgoblins
  3 jackals (D:7)
  18 kobolds
  3 quokkas
  3 frilled lizards
  A jackal skeleton (D:5)
  A leopard gecko zombie (D:7)
  27 rats
328 creatures vanquished.

Vanquished Creatures (others)
  A water moccasin (D:10)
  An iguana (D:11)
  An orc (D:11)
  3 demonic plants (D:12)
  7 fungi
  13 plants
  10 withered plants (D:8)
36 creatures vanquished.

Grand Total: 364 creatures vanquished

Notes
Turn   | Place    | Note
-------+----------+-------------------------------------------
     0 | D:1      | EnegeticOcto the Minotaur Fighter began the quest for the
                  | Orb.
     0 | D:1      | Reached XP level 1. HP: 19/19 MP: 0/0
   330 | D:1      | Reached XP level 2. HP: 27/27 MP: 1/1
   396 | D:2      | Reached skill level 3 in Axes
   638 | D:2      | Reached XP level 3. HP: 29/33 MP: 2/2
   669 | D:3      | Found a broken altar of Ashenzari.
   930 | D:3      | Found a faded altar of an unknown god.
  1143 | D:3      | Reached XP level 4. HP: 38/40 MP: 3/3
  1295 | D:3      | Reached skill level 4 in Axes
  1832 | D:4      | Reached XP level 5. HP: 40/47 MP: 4/4
  1881 | D:4      | Found an iron altar of Okawaru.
  2085 | D:4      | Found a bloodstained altar of Trog.
  2099 | D:4      | Noticed Edmund
  2114 | D:4      | Killed Edmund
  2115 | D:4      | Reached skill level 5 in Axes
  2115 | D:4      | Reached XP level 6. HP: 38/55 MP: 5/5
  2209 | D:4      | Found a runed translucent gate.
  2211 | D:4      | Found a runed translucent gate.
  2212 | D:4      | Found a runed translucent gate.
  2216 | D:4      | Noticed dracos369's ghost (amateur DsAK)
  2256 | D:4      | Reached skill level 5 in Armour
  2462 | D:4      | Reached skill level 5 in Fighting
  2462 | D:4      | Reached skill level 5 in Shields
  2551 | D:5      | Entered Level 5 of the Dungeon
  2646 | D:5      | Reached skill level 6 in Axes
  2646 | D:5      | Reached XP level 7. HP: 52/61 MP: 6/6
  2837 | D:5      | Found a staircase to the Ecumenical Temple.
  2850 | Temple   | Entered the Ecumenical Temple
  2860 | Temple   | Became a worshipper of Ru the Awakened
  3157 | D:6      | Reached skill level 7 in Axes
  3347 | D:6      | Found a glowing drain.
  3391 | Sewer    | Entered a sewer
  3699 | Sewer    | Reached XP level 8. HP: 70/70 MP: 7/7
  3708 | Sewer    | Gained mutation: You cannot study or use magical devices.
                  | [Ru sacrifice]
  3708 | Sewer    | Reached * piety under Ru
  3708 | Sewer    | Reached ** piety under Ru
  4297 | D:7      | Found a blossoming altar of Fedhas.
  4390 | D:7      | Found Fubyimi's Antique Armour Shop.
  4399 | D:7      | Bought a runed hat for 175 gold pieces
  4425 | D:7      | Reached skill level 8 in Axes
  4960 | D:7      | Found an ornate altar of the Wu Jian Council.
  5037 | D:8      | Noticed a two-headed ogre
  5037 | D:8      | Noticed a hornet
  5269 | D:8      | Paralysed by a hornet for 2 turns
  5274 | D:8      | Paralysed by a hornet for 2 turns
  5283 | D:8      | Paralysed by a hornet for 3 turns
  5290 | D:8      | Killed a hornet
  5603 | D:8      | Killed a two-headed ogre
  5604 | D:8      | Reached skill level 9 in Axes
  5604 | D:8      | Reached XP level 9. HP: 36/79 MP: 8/8
  5967 | D:8      | Noticed Maurice
  5982 | D:8      | Killed Maurice
  5983 | D:8      | Reached skill level 10 in Axes
  6066 | D:8      | Noticed a green ugly thing
  6087 | D:8      | Killed a green ugly thing
  6474 | D:8      | Gained mutation: You cannot be stealthy. [Ru sacrifice]
  6474 | D:8      | Reached *** piety under Ru
  6724 | D:9      | Reached skill level 11 in Axes
  6724 | D:9      | Reached XP level 10. HP: 90/90 MP: 9/9
  7357 | D:9      | Noticed a two-headed ogre
  7363 | D:9      | Killed a two-headed ogre
  7446 | D:9      | Noticed Psyche
  7458 | D:9      | Killed Psyche
  7696 | D:10     | Entered Level 10 of the Dungeon
  7706 | D:10     | Reached skill level 12 in Axes
  7954 | D:10     | Reached XP level 11. HP: 99/99 MP: 10/10
  8011 | D:10     | Reached skill level 10 in Shields
  8018 | D:10     | Reached skill level 10 in Armour
  8200 | D:10     | Found a staircase to the Lair.
  8227 | D:10     | Gained mutation: You are hated by all. [Ru sacrifice]
  8227 | D:10     | Reached **** piety under Ru
  8235 | D:10     | Found Tis Jeb's Demolitions Depot.
  8275 | D:10     | Reached skill level 10 in Fighting
  8492 | D:11     | Noticed a six-headed hydra
  8492 | D:11     | Noticed a cyan ugly thing
  8893 | D:11     | Noticed a two-headed ogre
  8893 | D:11     | Noticed a fire dragon
  8904 | D:10     | Killed a two-headed ogre
  8905 | D:10     | Reached skill level 13 in Axes
  8998 | D:11     | Killed a fire dragon
  9022 | D:11     | Found a roughly hewn altar of Beogh.
  9022 | D:11     | Found a staircase to the Orcish Mines.
  9802 | D:11     | Noticed a white ugly thing
  9814 | D:11     | Killed a red ugly thing
  9829 | D:11     | Killed a red ugly thing
 10022 | D:11     | Killed a 16-headed hydra
 10023 | D:11     | Reached skill level 14 in Axes
 10245 | D:12     | Noticed a two-headed ogre
 10253 | D:12     | Killed a two-headed ogre
 10361 | D:12     | Noticed a boulder beetle
 10374 | D:12     | Reached XP level 12. HP: 96/110 MP: 9/11
 10425 | D:12     | Killed a boulder beetle
 10438 | D:12     | Reached skill level 1 in Dodging
 10761 | D:12     | Gained mutation: You cannot train Dodging skill. [Ru
                  | sacrifice]
 10761 | D:12     | Reached ***** piety under Ru
 10796 | D:12     | Found a corrupted altar of Lugonu.
 10956 | D:12     | Found Tauxaob's Magic Scroll Shoppe.
 11010 | D:12     | Found a runed translucent door.
 11099 | D:12     | Reached skill level 15 in Axes
 11251 | D:12     | Noticed a frost giant
 11274 | D:12     | Killed from afar by a frost giant

Illustrated notes

Levels and vault maps discovered:
D:1:      dpeg_arrival_three_same_balls, layout_basic
D:2:      layout_loops_corners, lemuel_doored_altar
D:3:      minmay_skewed_foursquare, layout_loops_corners,
          chequers_ecumenical_altar_simple, ashenzari_altar_1
D:4:      layout_basic, okawaru_trees_1, lemuel_crystal_altar, serial_forest,
          infiniplex_forest_lined_room_, infiniplex_forest_lined_room_,
          infiniplex_forest_lined_2, infiniplex_forest_side_room,
          infiniplex_forest_corner_1, gammafunk_ghost_nasty_kobolds, uniq_edmund
D:5:      layout_rooms, temple_hall
D:6:      layout_basic, portal_sewer_entry_d, corexii_shack
D:7:      layout_loops_ring, pdpol_wu_jian_five_deadly_venoms, serial_shops,
          kennysheep_little_box, basic_altar
D:8:      layout_loops_ring, serial_undead, serial_undead_b, serial_undead_f,
          serial_undead_a, serial_undead_c, serial_undead_e, serial_undead_e,
          uniq_maurice
D:9:      layout_basic, water_boxes_lemuel, uniq_psyche
D:10:     layout_cave_pools, minmay_lair_entry_grove, nicolae_blasting_shop
D:11:     layout_loops_ring, david_orc_5, eino_tiny_chamber
D:12:     kennysheep_kobold_lugonu_temple, layout_cave_pools, serial_shops,
          kennysheep_mini_moat, lightli_airlock
Temple:   regret_index_temple_mists

Skill      XL: |  1  2  3  4  5  6  7  8  9 10 11 12 |
---------------+-------------------------------------+-----
Axes           | 3 4 5 6 7 9 11 12 14 15 | 15.0
Fighting       | 4 5 6 7 8 9 11 | 11.5
Shields        | 4 5 6 7 8 9 11 | 11.5
Armour         | 4 5 6 7 8 9 11 | 11.5
Dodging        | 0 |  0.0

Action                   |  1- 3 |  4- 6 |  7- 9 | 10-12 || total
-------------------------+-------+-------+-------+-------++-------
Melee: War axe           |    48 |   106 |   344 |   570 ||  1068
       Headbutt          |     8 |    17 |    52 |   148 ||   225
Invok: Sacrifice Artific |       |       |     1 |       ||     1
       Sacrifice Stealth |       |       |     1 |       ||     1
       Draw Out Power    |       |       |       |     2 ||     2
       Power Leap        |       |       |       |     1 ||     1
       Sacrifice Love    |       |       |       |     1 ||     1
       Sacrifice Nimblen |       |       |       |     1 ||     1
  Use: Scroll            |       |     8 |     7 |     8 ||    23
       Potion            |       |       |     3 |     2 ||     5
 Stab: Invisible         |       |       |       |     1 ||     1
       Distracted        |       |       |       |     3 ||     3
Armor: Chain mail        |    23 |    43 |   138 |       ||   204
       Scale mail        |     2 |       |       |       ||     2
       Plate armour      |       |       |    41 |   392 ||   433
Dodge: Dodged            |     8 |    22 |    87 |   140 ||   257
Block: Kite shield       |    14 |    58 |   204 |   367 ||   643
